 Dungeon Crawl Stone Soup version 0.26-b1-32-g5d43845318 (webtiles) character file.

Game seed: 4437162827897086404

502 MisterFreud the Digger (level 7, -5/41 HPs)
             Began as an Octopode Earth Elementalist on Jan 11, 2021.
             Slain by a worker ant (8 damage)
             ... on level 4 of the Dungeon.
             The game lasted 00:05:17 (3494 turns).

MisterFreud the Digger (OpEE)                       Turns: 3494, Time: 00:05:17

Health: -5/41      AC:  1    Str:  7    XL:     7   Next: 17%
Magic:  10/10      EV: 13    Int: 20    God:
Gold:   166        SH:  0    Dex: 12    Spells: 6/10 levels left

rFire    . . .     SeeInvis .   a - +0 dagger
rCold    . . .     Faith    .   (no shield)
rNeg     + + .     Spirit   .   (helmet restricted)
rPois    .         Reflect  .   (no amulet)
rElec    .         Harm     .   d - ring of stealth
rCorr    .         Rampage  .   h - ring of positive energy
Will     .....                  s - ring of positive energy
Stlth    ++........             (no ring)
HPRegen  0.13/turn              (no ring)
MPRegen  0.12/turn              (no ring)
                                (no ring)
                                (no ring)

@: glowing
A: almost no armour, stealthy swim, amphibious, 8 rings, constrict 8, camouflage
1, gelatinous body 1
a: no special abilities


You were on level 4 of the Dungeon.
You visited 1 branch of the dungeon, and saw 5 of its levels.

You collected 166 gold pieces.

Inventory:

Hand Weapons
 a - a +0 dagger (weapon)
Missiles
 b - 144 stones (quivered)
 l - 2 throwing nets
Armour
 k - a +0 kite shield
Magical Staves
 r - an uncursed staff of fire
Jewellery
 d - a ring of stealth (left tentacle)
 h - a ring of positive energy (right tentacle)
 s - a ring of positive energy (on tentacle)
Scrolls
 c - 2 scrolls of identify {unknown}
 g - a scroll of blinking {unknown}
 i - a scroll of enchant armour {unknown}
 j - a scroll of enchant weapon {unknown}
 m - a scroll of magic mapping {unknown}
 o - a scroll of amnesia {unknown}
Potions
 e - a potion of flight
 f - 2 potions of brilliance
 n - 2 potions of haste {unknown}
 p - a potion of berserk rage {unknown}
 q - a potion of resistance {unknown}


   Skills:
 + Level 2.0 Short Blades
 - Level 2.0 Dodging
 + Level 4.2 Stealth
 - Level 2.0 Spellcasting
 - Level 5.0 Conjurations
 - Level 1.0 Transmutations
 - Level 5.0 Earth Magic


You had 6 spell levels left.
You knew the following spells:

 Your Spells              Type           Power        Failure   Level
a - Sandblast             Erth           44%          1%          1
b - Stone Arrow           Conj/Erth      44%          6%          3

Your spell library contained the following spells:

 Spells                   Type           Power        Failure   Level
 Passwall                 Tmut/Erth      11%          7%          2
 Petrify                  Tmut/Erth      14%          41%         4
 Lee's Rapid Deconstruct  Erth           11%          50%         5


Dungeon Overview and Level Annotations

Branches:
Dungeon (5/15)
 Temple: D:4-7

Altars:


Innate Abilities, Weirdness & Mutations

You cannot wear most types of armour.
You are very stealthy in the water. (Stealth+)
You are amphibious.
You can wear up to eight rings at the same time.
You can use your tentacles to constrict eight enemies at once.
Your skin changes colour to match your surroundings (Stealth+).
Your rubbery body absorbs attacks. (AC +1, EV +1)


Message History

The gnoll shaman mumbles some strange prayers to its god against you.
You are outlined in light.
There is a stone staircase leading up here.
The gnoll shouts!
The gnoll shaman hits you with a cursed -1 club.
* * * LOW HITPOINT WARNING * * *
The quokka closely misses you.
You climb upwards.
A worker ant comes into view.
Found 8 datura-tipped darts and 22 stones.
Found a stone staircase leading down.
There is a stone staircase leading down here.
The quokka bites you.
* * * LOW HITPOINT WARNING * * *
Found a scroll labelled QAXIKA JIMYDDE.
The worker ant bites you.
* * * LOW HITPOINT WARNING * * *
The quokka closely misses you. The worker ant bites you!
You die...

#.# #.# #.#
.?..# #.#.#
.. ### #.#.#
... ..(
##.#.##...
..(. #.@..>.#
.....#rB....#
.....#.g....#
............#
............#
.....#.>....#
.#.###......#
... .......##
.#.........#


You could see a gnoll shaman, a worker ant and a quokka.

Vanquished Creatures
  Grinder (D:3)
  An ice beast (D:4)
  A centaur (D:5)
  An adder (D:2)
  5 gnolls
  8 dart slugs
  A leopard gecko (D:2)
  4 orcs (D:3)
  5 bats
  4 giant cockroaches
  4 goblins
  8 hobgoblins
  2 jackals (D:3)
  A quokka (D:2)
  5 frilled lizards
  8 kobolds
  A leopard gecko zombie (D:2)
  7 rats
67 creatures vanquished.

Notes
Turn   | Place    | Note
-------+----------+-------------------------------------------
     0 | D:1      | MisterFreud the Octopode Earth Elementalist began the quest
                  | for the Orb.
     0 | D:1      | Reached XP level 1. HP: 11/11 MP: 3/3
   172 | D:1      | Reached XP level 2. HP: 12/17 MP: 5/5
   581 | D:1      | Reached XP level 3. HP: 13/21 MP: 6/6
  1236 | D:2      | Learned a level 3 spell: Stone Arrow
  1377 | D:2      | Reached XP level 4. HP: 27/27 MP: 7/7
  1436 | D:2      | Reached skill level 1 in Conjurations
  2050 | D:3      | Noticed Grinder
  2073 | D:3      | Killed Grinder
  2074 | D:3      | Reached skill level 5 in Earth Magic
  2074 | D:3      | Reached XP level 5. HP: 7/31 MP: 3/8
  2074 | D:3      | Reached XP level 6. HP: 8/36 MP: 3/9
  3062 | D:4      | Noticed an ice beast
  3073 | D:4      | Killed an ice beast
  3074 | D:4      | Reached skill level 5 in Conjurations
  3074 | D:4      | Reached skill level 1 in Short Blades
  3210 | D:4      | You fall into a shaft and drop 1 floor!
  3210 | D:5      | Entered Level 5 of the Dungeon
  3275 | D:5      | Reached XP level 7. HP: 8/41 MP: 5/10
  3492 | D:4      | HP: 2/41 [worker ant (4)]
  3494 | D:4      | Slain by a worker ant

Illustrated notes

Levels and vault maps discovered:
D:1:      dpeg_arrival_simpleton_b, layout_rooms
D:2:      layout_loops_ring
D:3:      layout_basic, uniq_ijyb, uniq_crazy_yiuf_cottage, uniq_grinder
D:4:      layout_basic, kennysheep_generic_room_6
D:5:      layout_loops_ring

Skill      XL: |  1  2  3  4  5  6  7 |
---------------+----------------------+-----
Earth Magic    | 4 5 |  5.0
Conjurations   | 4 5 |  5.0
Short Blades   | 1 2 |  2.0
Stealth        | 4 |  4.2
Dodging        | |  2.0
Spellcasting   | |  2.0
Transmutations | |  1.0

Action                   |  1- 3 |  4- 6 |  7- 9 || total
-------------------------+-------+-------+-------++-------
Melee: Unarmed           |     7 |       |       ||     7
       Dagger            |    72 |    83 |     4 ||   159
       Constrict         |    19 |    19 |     1 ||    39
       Tentacles         |    13 |    10 |     1 ||    24
 Cast: Sandblast         |     2 |    25 |     1 ||    28
  Use: Potion            |       |     3 |       ||     3
 Stab: Distracted        |     1 |     1 |       ||     2
       Sleeping          |    14 |    10 |       ||    24
Armor: Skin              |     3 |    22 |       ||    25
Dodge: Dodged            |    27 |    48 |    10 ||    85
